Cogmind - Beta 13 @@@ ROGUE MODE // 2024.04.01 @ 17:30:06 Player: Sooty Result: Destroyed by as-12978 with Assembled Maul Performance ------------- Evolutions (0) 0 Regions Visited (2) 400 Robots Destroyed (29) 145 Value Destroyed (505) 505 Prototype IDs (2) 40 Alien Tech Used (0) 0 Bonus (0) 0 TOTAL SCORE: 1090 Bonus ------- None Cogmind --------- Core Integrity 0/250 Matter 262/300 Energy 263/265 System Corruption 1% Temperature Hot (289) Movement Core (350) Ox6 Location -10/Mines Parts ------- > --- POWER (1) -------- Reinforced Ion Engine > --- PROPULSION (2) --- (None) > --- UTILITY (2) ------ Medium Armor Plating > --- WEAPON (2) ------- Light Assault Rifle Light Assault Rifle > --- INVENTORY (5) ---- Reinforced Ion Engine Disposable Heat Sink Hacking Suite Peak State ------------ > --- POWER ------------ Reinforced Ion Engine > --- PROPULSION ------- Light Treads Light Treads > --- UTILITY ---------- Huge Storage Unit Signal Interpreter > --- WEAPON ----------- Medium Laser Medium Laser > --- INVENTORY -------- Reinforced Ion Engine Disposable Heat Sink Medium Armor Plating Medium Armor Plating Light Assault Rifle Light Assault Rifle Grenade Launcher [Rating: 9] Favorites ----------- Power Reinforced Ion Engine Engine Reinforced Ion Engine Propulsion Light Treads Treads Light Treads Wheel Wheel Utility Huge Storage Unit Storage Huge Storage Unit Processor Signal Interpreter Protection Light Armor Plating Weapon Medium Laser Energy Gun Medium Laser Ballistic Gun Light Assault Rifle Launcher Grenade Launcher Build | -11 -10 -10 ------- Run | Yrd Mat Min Slots Evolved . | . . . Power . | . . . Propulsion . | . . . Utility . | . . . Weapon . | . . . Parts Attached 25 | 4 16 5 Power 4 | 1 3 . Engine 4 | 1 3 . Core . | . . . Reactor . | . . . Propulsion 4 | . 4 . Treads 2 | . 2 . Leg . | . . . Wheel 2 | . 2 . Hover . | . . . Flight . | . . . Utility 7 | 1 4 2 Device . | . . . Storage 3 | 1 2 . Processor 1 | . 1 . Hackware . | . . . Protection 3 | . 1 2 Artifact . | . . . Weapon 10 | 2 5 3 Energy Gun 6 | 2 4 . Energy Cannon . | . . . Ballistic Gun 2 | . . 2 Ballistic Cannon . | . . . Launcher 2 | . 1 1 Special Weapon . | . . . Impact Weapon . | . . . Slashing Weapon . | . . . Piercing Weapon . | . . . Special Melee Weapon . | . . . Unidentified Prototypes . | . . . Parts Lost 10 | . 4 6 Power 1 | . 1 . Propulsion 4 | . 2 2 Utility 2 | . 1 1 Weapon 3 | . . 3 Highest Loss Streak 6 | . 2 6 To Critical Strikes . | . . . Average Slot Usage (%) 85 | . 86 76 Engine 14 | . 14 14 Treads 13 | . 14 . Wheel 3 | . 3 14 Storage 13 | . 14 9 Processor 9 | . 9 9 Protection 1 | . 1 9 Energy Gun 25 | . 26 14 Launcher 1 | . 1 . Naked Turns . | . . . Heaviest Build 94 | 12 94 94 Greatest Support 40 | 3 40 20 Greatest Overweight (x) 31 | 3 31 9 Average Overweight (x) 4 | 2 4 5 Largest Inventory Capacity 25 | 8 25 25 Average Capacity 22 | 7 22 19 Most Carried 9 | 5 9 8 Average Carried 5 | 3 6 6 Final Capacity 25 | 8 25 5 Final Carried 8 | 4 8 3 Class Distribution -------------------- 100% | Mutant Dominant Class ---------------- Mutant | -10/Materials Mutant | -10/Mines Resources | -11 -10 -10 ----------- Run | Yrd Mat Min Matter Collected 531 | 200 327 4 Remotely . | . . . Salvage Created 655 | . 639 16 Parts 46 | . 46 . Haulers Intercepted 1 | . 1 . Recyclers Shooed 1 | . 1 . Parts Field Recycled . | . . . Retrieved Matter . | . . . Parts Self-Destructed . | . . . Prevented . | . . . Kills | -11 -10 -10 ------- Run | Yrd Mat Min Combat Hostiles Destroyed 14 | . 12 2 Guns 7 | . 5 2 AOE 7 | . 7 . Classes Destroyed 9 | . 8 1 Worker 4 | . 4 . Builder 5 | . 5 . Hauler 1 | . 1 . Recycler 2 | . 2 . Operator 2 | . 2 . Watcher 3 | . 3 . Swarmer 3 | . 3 . Grunt 9 | . 9 . Assembled 2 | . . 2 Best Kill Streak 10 | . 10 2 Combat Bots Only 5 | . 5 2 Max Kills in Single Turn 2 | . 2 1 Gunslinging . | . . . Exploded 2 | . 2 . Melee . | . . . Uniques/NPCs Destroyed . | . . . Combat | -11 -10 -10 -------- Run | Yrd Mat Min Hostile Shots Fired 157 | . 95 62 Missed 37 | . 27 10 Damage Taken 1587 | . 764 823 Core 262 | . 89 173 Absorbed by Shields . | . . . Core Remaining (%) 100 | 100 . . Volleys Fired 97 | 1 86 10 Largest 2 | 2 2 2 Hottest 100 | 80 100 100 Shots Fired 165 | 2 146 17 Gun 150 | 2 131 17 Cannon . | . . . Launcher 15 | . 15 . Special . | . . . Kinetic 8 | . . 8 Thermal 142 | 2 131 9 Explosive 15 | . 15 . Electromagnetic . | . . . Robot Hit Streak 8 | . 8 6 Robot Miss Streak 4 | . 4 2 Penetration Max . | . . . Secondary Targets . | . . . Shots Hit Robots 99 | . 87 12 Core Hits 48 | . 45 3 Critical Kills . | . . . Critical Parts Destroyed . | . . . Critical Strikes 8 | . 7 1 Burn 8 | . 7 1 Melee Attacks . | . . . Impact . | . . . Slashing . | . . . Piercing . | . . . Sneak Attacks . | . . . Combat Hostiles . | . . . Follow-up Attacks . | . . . Damage Inflicted 1951 | . 1810 141 Guns 1135 | . 994 141 Cannons . | . . . Explosions 816 | . 816 . Melee . | . . . Ramming . | . . . Kinetic 66 | . . 66 Thermal 1069 | . 994 75 Explosive 816 | . 816 . Electromagnetic . | . . . Impact . | . . . Slashing . | . . . Piercing . | . . . Highest Corruption 1 | . . 1 Average Corruption 1 | . . 1 Corruption Purged . | . . . Corruption Blocked . | . . . Overload Shots . | . . . Overflow Damage 18 | . 18 . Projectiles . | . . . Explosions 18 | . 18 . Melee . | . . . Knockbacks . | . . . Impact . | . . . Kinetic . | . . . Secondary . | . . . Self-Inflicted Damage 8 | . 8 . Shots 1 | . 1 . Rammed 1 | . 1 . Targets Rammed 1 | . 1 . Kicked . | . . . Crushed . | . . . Highest Temperature 402 | 18 402 289 Average Temperature 101 | 12 95 177 Received Heat Transfer 603 | . 393 210 Effects 6 | . 6 . Energy Bleed 3 | . 3 . Interference 2 | . 2 . Short Circuit 1 | . 1 . Siege Activations . | . . . Robots Corrupted . | . . . Combat Hostiles . | . . . Parts Fried . | . . . Impact Corruptions . | . . . Robots Melted 1 | . 1 . Combat Hostiles . | . . . Parts Melted 10 | . 10 . Heat Transferred 3655 | . 3359 296 Parts Sabotaged . | . . . Parts Stolen . | . . . Parts Stripped . | . . . Power Chain Reactions . | . . . Alert | -11 -10 -10 ------- Run | Yrd Mat Min Peak Influence 351 | . 351 5 Initial 5 | . . 5 Average 85 | . 91 . Maximum Alert Level 1 | . 1 . Low Security (%) 75 | 100 74 100 Level 1 24 | . 25 . Level 2 . | . . . Level 3 . | . . . Level 4 . | . . . Level 5 . | . . . High Security . | . . . Max Security . | . . . Squads Dispatched 2 | . 2 . Investigation 1 | . 1 . Extermination . | . . . Reinforcement 1 | . 1 . Assault . | . . . Garrison . | . . . Intercept . | . . . Searches Triggered . | . . . Construction Impeded . | . . . Haulers Reinforced . | . . . Active Scanning Responses . | . . . Cargo Convoy Interrupts . | . . . Stealth | -11 -10 -10 --------- Run | Yrd Mat Min Distress Signals 2 | . 2 . Communications Jammed . | . . . Distress Signals . | . . . Times Spotted 46 | . 24 22 Peak Tracking Total 22 | . 5 22 Tactical Retreats 1 | . . 1 Traps | -11 -10 -10 ------- Run | Yrd Mat Min Traps Triggered 1 | . 1 . Indirectly . | . . . Trap Hack Attempts . | . . . Triggered . | . . . Disarmed . | . . . Reprogrammed . | . . . Reused . | . . . Traps Extracted . | . . . Installed . | . . . Triggered . | . . . Machines | -11 -10 -10 ---------- Run | Yrd Mat Min Machines Disabled 2 | . 2 . Max in Single Turn 1 | . 1 . Machines Repaired . | . . . Machines Dismantled . | . . . Machines Sabotaged . | . . . Overloaded Fab Kills . | . . . Hacking | -11 -10 -10 --------- Run | Yrd Mat Min Machines Accessed 6 | . 6 . Terminals 4 | . 4 . Fabricators . | . . . Repair Stations . | . . . Recycling Units 2 | . 2 . Scanalyzers . | . . . Garrison Access . | . . . Total Hacks 24 | . 24 . Successful 18 | . 18 . Failed 6 | . 6 . Catastrophic 1 | . 1 . Database Lockouts . | . . . Manual . | . . . Terminals 18 | . 18 . Fabricators . | . . . Repair Stations . | . . . Recycling Units 6 | . 6 . Scanalyzers . | . . . Garrison Access . | . . . Terminal Hacks 13 | . 13 . Record 3 | . 3 . Prototype ID Bank 1 | . 1 . Alert Level 2 | . 2 . Unreport Threat 1 | . 1 . Dispatch Records 1 | . 1 . Maintenance Status 1 | . 1 . Surveillance Status 1 | . 1 . Hauler Manifests 1 | . 1 . Zone Layout 2 | . 2 . Fabricator Hacks . | . . . Repair Station Hacks . | . . . Recycling Unit Hacks 5 | . 5 . Process 1 | . 1 . Report Inventory 3 | . 3 . Retrieve Components 1 | . 1 . Scanalyzer . | . . . Garrison Access Hacks . | . . . Unauthorized Hacks . | . . . Terminals . | . . . Fabricators . | . . . Repair Stations . | . . . Recycling Units . | . . . Scanalyzers . | . . . Garrison Access . | . . . Data Cores Recovered 1 | . 1 . Used . | . . . Hacking Detections 3 | . 3 . Full Trace Events . | . . . Feedback Events . | . . . Feedback Blocked . | . . . Robot Schematics Acquired . | . . . Robots Built . | . . . Authchips . | . . . Time . | . . . Total Robot Build Rating . | . . . Part Schematics Acquired . | . . . Parts Built . | . . . Authchips . | . . . Time . | . . . Total Part Build Rating . | . . . Parts Repaired . | . . . Time . | . . . Parts Recycled . | . . . Recycled Matter 131 | . 131 . Retrieved Matter . | . . . Retrieved Components 2 | . 2 . Parts Scanalyzed . | . . . Part Schematics Acquired . | . . . Parts Damaged . | . . . Bothacking | -11 -10 -10 ------------ Run | Yrd Mat Min Used RIF Installer . | . . . Robots Hacked . | . . . Non-combat . | . . . Combat . | . . . Robot Hacks Applied . | . . . Relay Couplers Released . | . . . Fabnet Peak Effective % . | . . . Robots Rewired . | . . . Allies Hacked . | . . . Hacks Repelled . | . . . Allies | -11 -10 -10 -------- Run | Yrd Mat Min Total Allies . | . . . Largest Group . | . . . Highest-Rated Group . | . . . Highest-Rated Ally . | . . . Total Orders . | . . . Ally Attacks . | . . . Total Damage . | . . . Kills . | . . . Allies Corrupted . | . . . Allies Melted . | . . . Intel | -11 -10 -10 ------- Run | Yrd Mat Min Robot Analysis Total . | . . . Derelict Logs Recovered . | . . . Drone Launches . | . . . Drone Recoveries . | . . . Exploration | -11 -10 -10 ------------- Run | Yrd Mat Min Turns Passed 1907 | 79 1794 34 Spaces Moved 524 | 41 480 3 Core 111 | 41 70 . Treads 263 | . 263 . Legs . | . . . Wheels 150 | . 147 3 Hover . | . . . Flight . | . . . Fastest Speed 50 | 50 140 140 Average Speed 300 | 159 313 165 Slowest Speed 1600 | 200 1600 215 Overloaded Moves . | . . . Propulsion Burnouts . | . . . Robots Hopped . | . . . Cave-ins Triggered . | . . . Exploration Rate (%) 26 | 3 71 4 Regions Visited 2 Branch Regions 1 Pre-discovered Areas . | . . . Known Exits Taken 1 | . 1 . Unknown Exits Taken 1 | 1 . . Scrap Searched . | . . . Spaces Dug . | . . . Terrain Destroyed 15 | . 15 . Melee . | . . . Projectile . | . . . AOE 15 | . 15 . Terrain Rammed . | . . . Walls Destroyed . | . . . Machines Disabled . | . . . Actions | -11 -10 -10 --------- Run | Yrd Mat Min Total 697 | 53 624 20 Wait 12 | . 12 . Move 522 | 40 479 3 Hop . | . . . Pick Up 28 | 8 20 . Fast Attach . | . . . Attach 18 | 4 9 5 Detach 1 | . 1 . Swap 7 | . 7 . Drop 11 | . 9 2 Fire 97 | 1 86 10 Melee . | . . . Ram . | . . . Kick . | . . . Crush 1 | . 1 . Escape Stasis . | . . . Rewire . | . . . Trap . | . . . Miscellaneous . | . . . Route ------- -11/Scrapyard -10/Materials (discovered 3 exits: [*Mat] / *Min x2) -10/Mines History --------- Turn | Location | Event 27 | -11/Scrapyard | Discovered new exit (range 15) 80 | -11/Scrapyard | Entered Materials 315 | -10/Materials | Build established: Mutant 366 | -10/Materials | Discovered new exit (range 12) 755 | -10/Materials | Discovered new exit (range 8) 803 | -10/Materials | Identified exit to Mines 1846 | -10/Materials | Discovered exit to Mines (range 15) 1874 | -10/Materials | Entered Mines 1875 | -10/Mines | Assembled infested the area 1880 | -10/Mines | Assisted by a Guerilla fighting off Assembled 1887 | -10/Mines | Core integrity fell below 50% 1905 | -10/Mines | Core integrity fell below 20% 1908 | -10/Mines | Destroyed by as-12978 with Assembled Maul Last Messages --------------- 01890_ G-47 Trooper overheating. 01891_ G-47 Trooper critical meltdown. 01891_ Grenade Launcher destroyed. 01892_ Acquired 4 matter. 01893_ HV Slug penetrates as-32668. 01893_ as-32668 knocked back. 01893_ HV Slug penetrates as-75325. 01894_ Wheel destroyed. 01894_ Discarded Signal Interpreter. 01895_ HV Slug penetrates Wall. 01895_ Med. Laser destroyed. 01895_ System corrupted by crushing effect (+1). 01897_ HV Slug penetrates Wall. 01897_ as-68030 destroyed. 01899_ HV Slug penetrates Wall. 01899_ Dropped Huge Storage Unit. 01900_ Y1-EDV(h) heat damages Flexi-carbon Leg. 01901_ Y1-EDV(h) critical meltdown. 01905_ Med. Armor Plating destroyed. 01906_ as-01755 destroyed. Map ----- +----------------------------------------------------+ | | | | | | | | | | | | | | | | | | | | | | | | | | | | | | | | | | | | | | | | | | | | | ?????????????????????????????????????????????????? | | ?????????????????????????????????????????????????? | | ??????????????????????#######????????????????????? | | ??????????????????????#%%@ ##???????????????????? | | ????????????????????#;; aaa #???????????????????? | | ????????????????????#; a% #???????????????????? | | ????????????????????#;% !%a ##???????????????????? | | ?????????????????? a a %*%##????????????????????? | | ?????????????? <###;% a#?????????????????????? | | ????????????# ??? #####a ????????????????????? | | ????????????# ? ???##????? ??????????????????? | | ?????????????? ????????????a ?????????????????? | | ????????????? ????????????? #???????????????? | | ???????????????????????????? #??????????????? | | ???????????????????????????? ?????????????? | | ???????????????????????????? ? ?????????????? | | ???????????????????????????? ? ??????????????? | | ????????????????????????????? ? ?????????????????? | | ?????????????????????????????????????????????????? | | ?????????????????????????????????????????????????? | | ?????????????????????????????????????????????????? | | ?????????????????????????????????????????????????? | | ?????????????????????????????????????????????????? | | ?????????????????????????????????????????????????? | | ?????????????????????????????????????????????????? | | ?????????????????????????????????????????????????? | | ?????????????????????????????????????????????????? | | ?????????????????????????????????????????????????? | +----------------------------------------------------+ Best States ------------- Heat Dissipation 25 Energy Generation 12 Energy Capacity 265 Matter Stores 300 Matter Capacity 300 Sight Range 16 Terrain Scan Density 10 Armor Coverage 450 Evasion (%) 50 Recoil Reduction 2 Item Schematics ----------------- None Robot Schematics ------------------ None Fabricated ------------ Nothing Alien Tech Used ----------------- None Achievements -------------- Hunted Shopping List Challenges ------------ None Game ------ Seed PowerDeliveryShredder Manual? 0 Play Time 00:17:18 Cumulative 5.1 hours Start 2024.04.01 @ 17:15:02 End 2024.04.01 @ 17:30:06 Sessions 1 Manual Loads 0 Difficulty Rogue Special Mode None Game No. 6 Rogue 6 Adventurer 0 Explorer 0 Win Type - Total 0 Types 0/0/0/0/0/0/0/0/0 Lore% 5 Gallery% 11 Achievement% 11 Wizard Run 0 Options --------- Layout 1 ASCII 0 Keyboard 0 Movement Mouse Keybinds 0 Fullscreen 1 Font 24/Terminus Map View 50x35 Zoom Use 0% Tactical HUD 1 Map Filters NONE Filters NONE Steam 1 RUN: 767954fd-9e7e-44f0-98b8-d8a483bb1b95